Cogmind - Beta 10 @@@ ROGUE MODE // 2020.09.15 @ 18:23:02 Player: Ketemphor Result: Destroyed by Y-45 Defender with Beam Rifle Performance ------------- Evolutions (1) 500 Regions Visited (2) 400 Robots Destroyed (13) 65 Value Destroyed (428) 428 Prototype IDs (0) 0 Alien Tech Used (0) 0 Bonus (0) 0 TOTAL SCORE: 1393 Bonus ------- None Cogmind --------- Core Integrity 0/400 Matter 300/300 Energy 99/100 System Corruption 0% Temperature Cool (9) Movement Core (50) Location -9/Materials Parts ------- > --- POWER (1) -------- (None) > --- PROPULSION (2) --- (None) > --- UTILITY (4) ------ (None) > --- WEAPON (2) ------- (None) > --- INVENTORY (4) ---- Light Ion Engine Signal Interpreter Datajack Peak State ------------ > --- POWER ------------ Light Nuclear Core > --- PROPULSION ------- Aluminum Leg Aluminum Leg > --- UTILITY ---------- Improved Heat Sink Small Storage Unit Targeting Computer > --- WEAPON ----------- Particle Gun Light Assault Rifle > --- INVENTORY -------- Light Ion Engine Aluminum Leg Signal Interpreter Small Laser [Rating: 13] Favorites ----------- Power Light Ion Engine Engine Light Ion Engine Power Core Light Nuclear Core Propulsion Aluminum Leg Leg Aluminum Leg Wheel Compact Wheel Utility Small Storage Unit Device Improved Heat Sink Storage Small Storage Unit Processor Targeting Computer Weapon Light Assault Rifle Energy Gun Particle Gun Ballistic Gun Light Assault Rifle Build | -11 -10 -9 ------- Run | Scr Mat Mat Slots Evolved 2 | . . 2 Power . | . . . Propulsion . | . . . Utility 2 | . . 2 Weapon . | . . . Parts Attached 16 | 2 10 4 Power 1 | . 1 . Engine . | . . . Core 1 | . 1 . Reactor . | . . . Propulsion 8 | 2 5 1 Treads . | . . . Leg 6 | . 5 1 Wheel 2 | 2 . . Hover . | . . . Flight . | . . . Utility 2 | . 1 1 Device 1 | . . 1 Storage . | . . . Processor 1 | . 1 . Hackware . | . . . Protection . | . . . Artifact . | . . . Weapon 5 | . 3 2 Energy Gun 4 | . 2 2 Energy Cannon . | . . . Ballistic Gun 1 | . 1 . Ballistic Cannon . | . . . Launcher . | . . . Special Weapon . | . . . Impact Weapon . | . . . Slashing Weapon . | . . . Piercing Weapon . | . . . Special Melee Weapon . | . . . Unidentified Prototypes . | . . . Parts Lost 12 | . 1 11 Power 1 | . . 1 Propulsion 3 | . . 3 Utility 3 | . . 3 Weapon 5 | . 1 4 Highest Loss Streak 11 | . 1 11 Average Slot Usage (%) 86 | . 92 72 Engine 9 | . 13 . Core 2 | . . 8 Leg 22 | . 23 20 Wheel 2 | . 4 . Device 1 | . . 4 Storage 13 | . 14 11 Processor 8 | . 6 11 Energy Gun 6 | . 4 10 Ballistic Gun 18 | . 23 6 Naked Turns 3 | . . 3 Heaviest Build 14 | 9 13 14 Greatest Support 32 | 32 32 20 Greatest Overweight (x) 1 | . . 1 Average Overweight (x) . | . . . Largest Inventory Capacity 6 | 6 6 6 Average Capacity 5 | 6 6 5 Most Carried 6 | 6 6 5 Average Carried 5 | 6 5 4 Final Capacity 6 | 6 6 4 Final Carried 6 | 6 5 3 Class Distribution -------------------- 73% | Mutant 26% | Scavenger-Mutant Dominant Class ---------------- Mutant | -10/Materials Scavenger-Mutant | -9/Materials Resources | -11 -10 -9 ----------- Run | Scr Mat Mat Matter Collected 399 | 156 208 35 Remotely . | . . . Salvage Created 454 | . 339 115 Parts 29 | . 20 9 Haulers Intercepted . | . . . Recyclers Shooed . | . . . Parts Field Recycled . | . . . Retrieved Matter . | . . . Parts Self-Destructed . | . . . Prevented . | . . . Kills | -11 -10 -9 ------- Run | Scr Mat Mat Combat Hostiles Destroyed 12 | . 8 4 Guns 12 | . 8 4 Classes Destroyed 3 | . 1 2 Operator 1 | . . 1 Swarmer 2 | . . 2 Grunt 10 | . 8 2 Best Kill Streak 2 | . 2 2 Combat Bots Only 2 | . 2 2 Max Kills in Single Turn 1 | . 1 1 Gunslinging . | . . . Exploded . | . . . Melee . | . . . Uniques/NPCs Destroyed . | . . . Combat | -11 -10 -9 -------- Run | Scr Mat Mat Damage Taken 1507 | . 492 1015 Core 514 | . 114 400 Absorbed by Shields . | . . . Core Remaining (%) 77 | 100 54 . Volleys Fired 51 | . 33 18 Largest 2 | . 2 2 Hottest 105 | . 85 105 Shots Fired 95 | . 65 30 Gun 95 | . 65 30 Cannon . | . . . Launcher . | . . . Special . | . . . Kinetic 69 | . 59 10 Thermal 26 | . 6 20 Explosive . | . . . Electromagnetic . | . . . Robot Hit Streak 21 | . 21 11 Robot Miss Streak 3 | . 1 3 Penetration Max . | . . . Secondary Targets 2 | . 1 1 Max Gunslinging Chain 1 | . 1 1 Shots Hit Robots 72 | . 55 17 Core Hits 30 | . 24 6 Critical Hits . | . . . Critical Kills . | . . . Critical Parts Destroyed . | . . . Melee Attacks . | . . . Impact . | . . . Slashing . | . . . Piercing . | . . . Sneak Attacks . | . . . Combat Hostiles . | . . . Follow-up Attacks . | . . . Damage Inflicted 677 | . 449 228 Guns 666 | . 449 217 Cannons . | . . . Explosions . | . . . Melee . | . . . Ramming 11 | . . 11 Kinetic 410 | . 378 32 Thermal 256 | . 71 185 Explosive . | . . . Electromagnetic . | . . . Impact . | . . . Slashing . | . . . Piercing . | . . . Highest Corruption . | . . . Average Corruption . | . . . Corruption Purged . | . . . Overload Shots . | . . . Overflow Damage . | . . . Projectiles . | . . . Explosions . | . . . Melee . | . . . Knockbacks . | . . . Impact . | . . . Kinetic . | . . . Secondary . | . . . Self-Inflicted Damage 2 | . . 2 Shots . | . . . Rammed 3 | . . 3 Targets Rammed 6 | . . 6 Kicked 3 | . . 3 Crushed . | . . . Highest Temperature 181 | . 181 128 Average Temperature 43 | . 39 51 Received Heat Transfer 420 | . 282 138 Siege Activations . | . . . Robots Corrupted . | . . . Combat Hostiles . | . . . Parts Fried . | . . . Impact Corruptions . | . . . Robots Melted . | . . . Combat Hostiles . | . . . Parts Melted 1 | . . 1 Heat Transferred 617 | . 185 432 Parts Sabotaged . | . . . Parts Stolen . | . . . Parts Stripped . | . . . Power Chain Reactions . | . . . Missiles Intercepted . | . . . Alert | -11 -10 -9 ------- Run | Scr Mat Mat Peak Influence 178 | . 178 138 Initial 53 | . . 53 Average 88 | . 86 92 Maximum Alert Level . | . . . Low Security (%) 100 | 100 100 100 Level 1 . | . . . Level 2 . | . . . Level 3 . | . . . Level 4 . | . . . Level 5 . | . . . High Security . | . . . Max Security . | . . . Squads Dispatched 4 | . 1 3 Investigation 2 | . 1 1 Extermination . | . . . Reinforcement 2 | . . 2 Assault . | . . . Garrison . | . . . Intercept . | . . . Construction Impeded . | . . . Haulers Reinforced . | . . . Stealth | -11 -10 -9 --------- Run | Scr Mat Mat Distress Signals 2 | . 1 1 Communications Jammed . | . . . Distress Signals . | . . . Times Spotted 52 | . 15 37 Peak Tracking Total 21 | . 3 21 Tactical Retreats 4 | . 1 3 Traps | -11 -10 -9 ------- Run | Scr Mat Mat Traps Triggered 2 | . 1 1 Indirectly . | . . . Trap Hack Attempts . | . . . Triggered . | . . . Disarmed . | . . . Reprogrammed . | . . . Reused . | . . . Traps Extracted . | . . . Installed . | . . . Triggered . | . . . Machines | -11 -10 -9 ---------- Run | Scr Mat Mat Machines Disabled . | . . . Max in Single Turn . | . . . Machines Sabotaged . | . . . Garrisons Compromised . | . . . Overloaded Fab Kills . | . . . Fab Network Shutdowns . | . . . Hacking | -11 -10 -9 --------- Run | Scr Mat Mat Machines Accessed 9 | . 7 2 Terminals 6 | . 5 1 Fabricators . | . . . Repair Stations 1 | . . 1 Recycling Units 2 | . 2 . Scanalyzers . | . . . Garrison Access . | . . . Total Hacks 22 | . 16 6 Successful 14 | . 11 3 Failed 8 | . 5 3 Catastrophic . | . . . Database Lockouts . | . . . Manual 6 | . 4 2 Terminals 15 | . 12 3 Fabricators . | . . . Repair Stations 3 | . . 3 Recycling Units 4 | . 4 . Scanalyzers . | . . . Garrison Access . | . . . Terminal Hacks 3 | . 3 . Branch Access Points 1 | . 1 . Locate Traps 1 | . 1 . Hauler Manifests 1 | . 1 . Fabricator Hacks . | . . . Repair Station Hacks 2 | . . 2 Scan Component 1 | . . 1 Repair 1 | . . 1 Recycling Unit Hacks 4 | . 4 . Report Inventory 2 | . 2 . Retrieve Matter 1 | . 1 . Retrieve Components 1 | . 1 . Scanalyzer . | . . . Garrison Access Hacks . | . . . Unauthorized Hacks 5 | . 4 1 Terminals 5 | . 4 1 Track 1 | . 1 . Botnet 4 | . 3 1 Fabricators . | . . . Repair Stations . | . . . Recycling Units . | . . . Scanalyzers . | . . . Garrison Access . | . . . Data Cores Recovered . | . . . Used . | . . . Hacking Detections 7 | . 6 1 Full Trace Events 1 | . 1 . Feedback Events . | . . . Feedback Blocked . | . . . Robot Schematics Acquired . | . . . Robots Built . | . . . Matter . | . . . Time . | . . . Total Robot Build Rating . | . . . Part Schematics Acquired . | . . . Parts Built . | . . . Matter . | . . . Time . | . . . Total Part Build Rating . | . . . Parts Repaired 1 | . . 1 Time 26 | . . 26 Parts Recycled . | . . . Recycled Matter . | . . . Retrieved Matter . | . . . Retrieved Components 2 | . 2 . Parts Scanalyzed . | . . . Part Schematics Acquired . | . . . Parts Damaged . | . . . Bothacking | -11 -10 -9 ------------ Run | Scr Mat Mat Used RIF Installer . | . . . Robots Hacked . | . . . Non-combat . | . . . Combat . | . . . Robot Hacks Applied . | . . . Relay Couplers Released . | . . . Robots Rewired . | . . . Allies Hacked . | . . . Hacks Repelled . | . . . Allies | -11 -10 -9 -------- Run | Scr Mat Mat Total Allies . | . . . Largest Group . | . . . Highest-Rated Group . | . . . Highest-Rated Ally . | . . . Total Orders . | . . . Ally Attacks . | . . . Total Damage . | . . . Kills . | . . . Allies Corrupted . | . . . Allies Melted . | . . . Intel | -11 -10 -9 ------- Run | Scr Mat Mat Robot Analysis Total . | . . . Derelict Logs Recovered . | . . . Drone Launches . | . . . Drone Recoveries . | . . . Exploration | -11 -10 -9 ------------- Run | Scr Mat Mat Turns Passed 786 | 3 536 247 Spaces Moved 434 | 1 300 133 Core 8 | . . 8 Treads . | . . . Legs 383 | . 258 125 Wheels 43 | 1 42 . Hover . | . . . Flight . | . . . Fastest Speed 50 | 100 100 50 Average Speed 116 | 100 117 116 Slowest Speed 120 | 100 120 120 Overloaded Moves . | . . . Propulsion Burnouts . | . . . Robots Hopped . | . . . Cave-ins Triggered . | . . . Exploration Rate (%) 24 | 2 50 20 Regions Visited 2 Branch Regions . Pre-discovered Areas . | . . . Known Exits Taken . | . . . Unknown Exits Taken 2 | 1 1 . Scrap Searched . | . . . Spaces Dug . | . . . Terrain Destroyed . | . . . Melee . | . . . Projectile . | . . . AOE . | . . . Terrain Rammed . | . . . Walls Destroyed . | . . . Machines Disabled . | . . . Actions | -11 -10 -9 --------- Run | Scr Mat Mat Total 630 | 2 432 196 Wait 109 | . 76 33 Move 432 | . 299 133 Hop . | . . . Pick Up 7 | . 5 2 Fast Attach 2 | . 1 1 Attach 4 | . 1 3 Detach . | . . . Swap 10 | 2 8 . Drop 9 | . 9 . Fire 51 | . 33 18 Melee . | . . . Ram 3 | . . 3 Kick 3 | . . 3 Crush . | . . . Escape Stasis . | . . . Rewire . | . . . Trap . | . . . Miscellaneous . | . . . Route ------- -11/Scrapyard -10/Materials (discovered 4 exits: *Mat x2 / *Min x2) -9/Materials History --------- Turn | Location | Event 4 | -11/Scrapyard | Discovered new exit (range 0) 4 | -11/Scrapyard | Entered Materials 217 | -10/Materials | Discovered new exit (range 3) 278 | -10/Materials | Discovered new exit (range 11) 301 | -10/Materials | Build established: Mutant 424 | -10/Materials | Discovered new exit (range 16) 442 | -10/Materials | Identified exit to Mines 540 | -10/Materials | Entered another Materials area 540 | -9/Materials | Evolved 2 slots: Utility x2 574 | -9/Materials | Repaired Signal Interpreter 768 | -9/Materials | Core integrity fell below 50% 783 | -9/Materials | Core integrity fell below 20% 787 | -9/Materials | Destroyed by Y-45 Defender with Beam Rifle Last Messages --------------- 00735_ K-01 Serf cleans the Atomic Centrifuge. 00735_ Kicked A-02 Transporter out of the way. 00736_ Kicked R-06 Scavenger out of the way. 00745_ Aluminum Leg destroyed. 00754_ S-10 Pest destroyed. 00760_ Aluminum Leg destroyed. 00766_ Acquired Particle Gun. 00773_ S-10 Pest destroyed. 00774_ Aluminum Leg destroyed. 00778_ G-34 Mercenary destroyed. 00778_ Particle Gun destroyed. 00779_ Imp. Heat Sink destroyed. 00780_ Slammed into S-10 Pest. 00781_ Destabilizing: System interference. 00781_ Targeting Computer temporarily disabled. 00781_ Targeting Computer destroyed. 00782_ Slammed into S-10 Pest. 00784_ Sml. Storage Unit destroyed. 00784_ S-10 Pest destroyed. [Achievement: Achiever] Map ----- +----------------------------------------------------+ | ?????????????????????????????????????????????????? | | ?????????????????????????????????????????????????? | | ?????????????????????????????????????????????????? | | ?????????????????????????????????????????????????? | | ?????????????????????????????????????????????????? | | ?????????????????????????????????????????????????? | | ?????????????????????????????????????????????????? | | ?????????????????????????????????????????????????? | | ?????????????????????????????????????????????????? | | ?????????????????????????????????????????????????? | | ?????????????????????????????????????????????????? | | ?????????????????????# ????????????????????????### | | ?????????????????????# ?????????????????????### | | ????????????????????## ?????????????????????? | | ?????????????????#### ?????????????????????? | | ?????????????????? ??????????????????????? | | ??????????????????? Y???????????????????????? | | ???????????????????? ???????????????????????# | | ????????????????????? g ???????????????????????# | | ?????????????????????# ???????????????????????# | | ?????????????????????# ???????????????????????# | | ?????????????????????# a ???????????????????????# | | ?????????????????????# a ########???????????????# | | ?????????????????????# #???????????????# | | ?????????????????????# #??????########## | | ?????????????????????# @ s ######## # | | ?????????????? ####s # [# T # | | ?????????? ???# # # # | | ??????????? ????# #%[""" # # | | ???????????#### !] =! ????# %/!%""" # / | | ??????????????# ]! =!?????# #%%""" # """ # | | ??????????????# ?????# #[% # """ # | | ??????????????# ??????# ######## """ # | | ??????????????# ####??????# #??????# # | | ??????????????# ??????????# #??????####### ## | | ??????????????# ???????????# #????????????##?# | | ??????????????# ????????????# ########????????# | | ????????????????????????????# ########## | | ????????????????????????????# =% %%% | | ????????????????????????????# = ######### | | ????????????????????????????############???????# | | ???????????????????????????????????????????????# | | ???????????????????????????????????????????????# | | ???????????????????????????????????????????????## | | ????????????????????????????????????????????????# | | ????????????????????????????????????????????????# | | ????????????????????????????????????????????????# | | ???????????????????????????????????????????????? | | ???????????????????????????????????????????????? | | ??????????????????????????????????????????????? | +----------------------------------------------------+ Best States ------------- Heat Dissipation 42 Energy Generation 14 Energy Capacity 160 Matter Stores 300 Matter Capacity 300 Sight Range 16 Terrain Scan Density 10 Evasion (%) 40 Targeting Accuracy 5 Item Schematics ----------------- None Robot Schematics ------------------ None Fabricated ------------ Nothing Alien Tech Used ----------------- None Achievements -------------- Achiever Hunted Challenges ------------ None Game ------ Seed AbsorptionAutogunStick Manual? 0 Play Time 00:18:40 Cumulative 29.1 hours Start 2020.09.15 @ 17:52:52 End 2020.09.15 @ 18:23:02 Sessions 1 Manual Loads 0 Difficulty Rogue Special Mode None Game No. 6 Rogue 6 Adventurer 0 Explorer 0 Win Type - Total 0 Types 0/0/0/0/0/0/0/0/0 Lore% 16 Gallery% 31 Achievement% 25 Wizard Run 0 Options --------- ASCII 0 Keyboard 1 Movement Numpad Keybinds 0 Fullscreen 1 Font 18/SmallcapsGlow Map View 76x50 Tactical HUD 1 Map Filters NONE Filters NONE Steam 1 RUN: fbefb1e6-98c0-41fc-a2d4-8948ae3a9689